 Dungeon Crawl Stone Soup version 0.31-a0-496-g6f97920a28 (webtiles) character file.

Game seed: 7648076076671555221

77 AstroCodex24 the Trooper (level 4, -2/35 HPs)
             Began as a Vampire Fighter on Aug 8, 2023.
             Slain by a gnoll
             ... wielding a +3 flail
              (7 damage)
             ... on level 4 of the Dungeon.
             The game lasted 00:05:06 (1081 turns).

AstroCodex24 the Trooper (Vampire Fighter)          Turns: 1081, Time: 00:05:07

Health: -2/35      AC:  6    Str: 17    XL:     4   Next: 14%
Magic:  0/4        EV:  8    Int: 10    God:
Gold:   44         SH:  8    Dex: 13    Spells: 3/3 levels left

rFire   . . .        a - +0 war axe
rCold   . . .        m - +0 kite shield
rNeg    . . .        b - +0 scale mail
rPois   .            (no helmet)
rElec   .            (no cloak)
rCorr   .            (no gloves)
SInv    +            (no boots)
Will    +....        k - amulet of guardian spirit Stlth
                     (no ring)
HPRegen 0.45/turn    (no ring)
MPRegen 0.09/turn

%: guardian spirit
@: enlightened, flying, healing quickly, invisible
A: alive, fangs 3, see invisible, vampiric 2
a: Exsanguinate


You were on level 4 of the Dungeon.
You visited 1 branch of the dungeon, and saw 4 of its levels.

You collected 44 gold pieces.

Inventory:

Hand Weapons
 a - a +0 war axe (weapon)
Missiles
 f - a throwing net
Armour
 b - a +0 scale mail (worn)
 m - a +0 kite shield (worn)
Jewellery
 e - an amulet of reflection
 k - an amulet of guardian spirit (around neck)
Scrolls
 i - a scroll of enchant armour {unknown}
 j - a scroll of poison {unknown}
 l - a scroll of teleportation {unknown}
Potions
 d - a potion of might


   Skills:
 + Level 3.2 Fighting
 + Level 2.4 Axes
 + Level 3.1 Armour
 + Level 1.0 Dodging
 + Level 2.9 Shields


You had 3 spell levels left.
You didn't know any spells.
Your spell library contained the following spells:

 Spells                   Type           Power      Damage    Failure   Level
 Kiss of Death            Conj/Necr      0%         2d5       98%         1
 Confusing Touch          Hex            0%         N/A       100%        3
 Gell's Gravitas          Tloc           0%         N/A       100%        3
 Teleport Other           Tloc           0%         N/A       100%        3
 Dispel Undead            Necr           0%         3d6       100%        4
 Dispersal                Tloc           0%         N/A       100%        6


Dungeon Overview and Level Annotations

Branches:
Dungeon (4/15)
 Temple: D:4-7

Altars:

Shops:
D:1 *:[:


Innate Abilities, Weirdness & Mutations

Your natural rate of healing is accelerated.
You have razor-sharp teeth.
You have supernaturally acute eyesight. (SInv)
You are afflicted with vampirism and can become a bat while bloodless.


Message History

Found a scale mail.
It was a potion of invisibility.
You fade into invisibility!
It was a potion of enlightenment.
You feel very buoyant.
You fly up into the air.
You block the gnoll's attack. The gnoll hits you with a +0 flail.
It was a potion of curing.
You feel better. You block the gnoll's attack. x2
You feel more buoyant. You block the gnoll's attack. x2
You hit the gnoll.
The gnoll is moderately wounded.
You closely miss the gnoll. The gnoll hits you with a +3 flail.
You block the gnoll's attack. The gnoll barely misses you.
You block the gnoll's attack.
You catch the helpless gnoll completely off-guard!
You hit the gnoll but do no damage. You bite the gnoll, but do no damage.
The gnoll is lightly wounded.
You closely miss the gnoll. You block the gnoll's attack.
The gnoll barely misses you.
You hit the gnoll. You bite the gnoll!
The gnoll is severely wounded.
You closely miss the gnoll. The gnoll hits you with a +3 flail!
The gnoll hits you with a +0 flail. x2; You block the gnoll's attack.
You completely miss the gnoll.
The gnoll is severely wounded.
You hit the gnoll. You block the gnoll's attack.
The gnoll hits you but does no damage.
You hit the gnoll but do no damage. Your bite misses the gnoll.
The gnoll is severely wounded.
You closely miss the gnoll. You block the gnoll's attack. x3
The gnoll hits you with a +3 flail!
* * * LOW HITPOINT WARNING * * *
You hit the gnoll.
You kill the gnoll!
You hit the gnoll. You block the gnoll's attack. The adder barely misses you.
You closely miss the adder. You hit the gnoll. You block the adder's attack.
The gnoll barely misses you. You block the adder's attack.
The gnoll hits you with a +3 flail!
You die...

.........'....#
.........#....#
###.###.##.##.#
#.###.##.## #
.........+
......!g.#
.###.##g##
#.##S##### .
#.@g...# .
#....[.# ..
#......#
###..### ###


You could see 3 gnolls and an adder (unable to see you).

Vanquished Creatures
  Natasha (D:3)
  A gnoll (D:4)
  An adder (D:4)
  A ball python (D:1)
  2 endoplasms (D:1)
  A goblin (D:1)
  A hobgoblin (D:2)
  7 jackals
  4 kobolds
  3 quokkas
  6 bats (D:1)
  2 frilled lizards
  3 rats (D:1)
33 creatures vanquished.

Notes
Turn   | Place    | Note
-------+----------+-------------------------------------------
     0 | D:1      | AstroCodex24 the Vampire Fighter began the quest for the
                  | Orb.
     0 | D:1      | Reached XP level 1. HP: 17/17 MP: 1/1
   121 | D:1      | Found Joh Tucsut's Armour Shoppe.
   164 | D:1      | Found Qasuc's Book Boutique.
   174 | D:1      | Reached XP level 2. HP: 23/23 MP: 2/2
   345 | D:1      | Found Mozaabyq's Assorted Antiques.
   493 | D:1      | Found Iclakkigh's Book Shoppe.
   849 | D:3      | Gained mutation: You are afflicted with vampirism and can
                  | become a bat while bloodless. [Vampire growth]
   849 | D:3      | Reached XP level 3. HP: 29/29 MP: 3/3
   898 | D:3      | Noticed Natasha
   908 | D:3      | Killed Natasha
   995 | D:4      | Reached skill level 1 in Dodging
  1026 | D:4      | Reached XP level 4. HP: 33/35 MP: 2/4
  1081 | D:4      | Slain by a gnoll

Illustrated notes

Levels and vault maps discovered:
D:1:      minmay_arrival_hallway, layout_rooms, serial_shops, shop,
          nicolae_shop_crystal, shop_statue, nicolae_shop_getting_attention
D:2:      layout_basic, serial_shops, nicolae_square_shop,
          shapermc_ecumenical_altar_pompeii, minmay_misc_feat_encased
D:3:      layout_basic, portal_sewer_entry_f, uniq_terence,
          uniq_crazy_yiuf_cottage, uniq_natasha, uniq_robin
D:4:      layout_gridville, kennysheep_okawaru_gauntlet,
          mainiacjoe_overflow_catwalk_spiral, guppyfry_early_lair_pool

Skill      XL: |  1  2  3 |
---------------+----------+-----
Fighting       | 3 |  3.2
Axes           | 2 |  2.4
Armour         | 3 |  3.1
Dodging        | 1 |  1.0
Shields        | |  2.9

Action                     |  1- 3 |  4- 6 || total
---------------------------+-------+-------++-------
  Melee: War axe           |    86 |     8 ||    94
         Bite              |     7 |     2 ||     9
    Use: Potion            |       |     4 ||     4
   Stab: Invisible         |       |     1 ||     1
 Armour: Scale mail        |    69 |     1 ||    70
  Dodge: Dodged            |    52 |    12 ||    64
  Block: Buckler           |    22 |       ||    22
         Kite shield       |    22 |    23 ||    45

Table legend: (Time is in decaauts)
 A = Elapsed time spent in this place.
 B = Non-inter-level travel time spent in this place.
 C = Inter-level travel time spent in this place.
 D = Time resting spent in this place.
 E = Time spent auto-exploring this place.
 F = Levels seen in this place.
 G = Mean time per level.
                   A        B        C        D        E       F      G
               +--------+--------+--------+--------+--------+-----+--------+
         Total |   1125 |   1112 |     13 |      0 |      0 |   4 |  281.2 |
       Dungeon |   1125 |   1112 |     13 |      0 |      0 |   4 |  281.2 |
               +--------+--------+--------+--------+--------+-----+--------+

Top non-repeatable levels by time:
     D:1: 578 daAuts
     D:3: 359 daAuts
     D:4: 104 daAuts
     D:2: 82 daAuts
